 Dungeon Crawl Stone Soup version 0.29-a0-617-g7a6b98fccd (webtiles) character file.

Game seed: 4566725823887469156

22018 greenreed the Summoner (level 12, -11/76 (92) HPs)
             Began as a Gnoll Summoner on June 17, 2022.
             Was a High Priest of Nemelex Xobeh.
             Hit by a silver javelin thrown by a minotaur (30 damage)
             ... in a Gauntlet.
             The game lasted 01:20:43 (16991 turns).

greenreed the Summoner (Gnoll Summoner)            Turns: 16991, Time: 01:20:44

HP:   -11/76 (92)   AC:  8    Str:  9    XL:     12   Next: 96%
MP:   10/25         EV: 15    Int: 25    God:    Nemelex Xobeh [*****.]
Gold: 820           SH:  0    Dex: 14    Spells: 12/29 levels left

rFire   . . .      SeeInvis .   k - staff of poison
rCold   . . .      Faith    .   (no shield)
rNeg    . . .      Spirit   .   Q - +0 troll leather armour
rPois   +          Reflect  .   (helmet restricted)
rElec   .          Harm     .   K - scarf {+Inv}
rCorr   .          Rampage  .   U - +0 pair of gloves
Will    .....      NoTele   +   c - +0 pair of boots
Stlth   +++++.....              x - amulet of the acrobat
HPRegen 1.02/turn               l - +6 ring of intelligence
MPRegen 0.19/turn               w - ring of poison resistance

@: hasted, heavily drained, very quick
A: fangs 1, strong nose, distributed training, antennae 1, thin skeletal
structure 1
a: Renounce Religion, Evoke Invisibility, Draw Escape, Draw Destruction, Draw
Summoning, Triple Draw, Deal Four, Stack Five


You were in a Gauntlet.
You worshipped Nemelex Xobeh.
Nemelex Xobeh was extremely pleased with you.
You visited 3 branches of the dungeon, and saw 16 of its levels.
You also visited: Sewer and Gauntlet.

You collected 897 gold pieces.
You spent 77 gold pieces at shops.

Inventory:

Hand Weapons
 o - a +4 spear of flaming
Missiles
 e - 3 throwing nets
 W - 2 curare-tipped darts
 Y - 15 poisoned darts
Armour
 c - a +0 pair of boots (worn)
 j - a +2 cloak
 K - a scarf of invisibility (worn)
 Q - a +0 troll leather armour (worn)
 U - a +0 pair of gloves (worn)
Magical Staves
 k - a staff of poison (weapon)
Jewellery
 h - a ring of flight
 l - a +6 ring of intelligence (left hand)
 n - a +6 ring of strength
 r - a ring of protection from fire
 w - a ring of poison resistance (right hand)
 x - an amulet of the acrobat (around neck)
 F - a ring of see invisible
 M - a ring of positive energy
 N - an amulet of guardian spirit
Wands
 p - a wand of quicksilver (10)
 y - a wand of polymorph (17)
 B - a wand of flame (58)
 J - a wand of digging (4)
 P - a wand of paralysis (3)
 R - a wand of mindburst (10)
 V - a wand of iceblast (9)
Scrolls
 a - 2 scrolls of silence
 d - 6 scrolls of teleportation
 f - 3 scrolls of magic mapping
 g - a scroll of summoning {unknown}
 t - 3 scrolls of poison
 z - a scroll of enchant weapon {unknown}
 C - 3 scrolls of blinking
 E - 2 scrolls of amnesia
 I - 2 scrolls of enchant armour
 L - 3 scrolls of torment
 T - a scroll of vulnerability {unknown}
 X - a scroll of fog {unknown}
 Z - a scroll of immolation {unknown}
Potions
 b - a potion of magic
 i - 2 potions of heal wounds
 m - 3 potions of curing
 q - 7 potions of brilliance
 s - 4 potions of haste
 u - 2 potions of lignification
 v - 2 potions of mutation
 A - 3 potions of flight
 D - a potion of might
 G - 5 potions of berserk rage
 H - 3 potions of resistance
 S - a potion of cancellation
Miscellaneous
 O - a phantom mirror


   Skills:
 + Level 7.8 Fighting
 + Level 7.8 Short Blades
 + Level 7.8 Long Blades
 + Level 7.8 Axes
 + Level 7.8 Maces & Flails
 + Level 7.8 Polearms
 + Level 7.8 Staves
 + Level 7.8 Slings
 + Level 7.8 Bows
 + Level 7.8 Crossbows
 + Level 7.8 Throwing
 + Level 7.8 Armour
 + Level 9.1 Dodging
 + Level 8.9 Stealth
 + Level 7.8 Shields
 + Level 7.8 Unarmed Combat
 + Level 9.3 Spellcasting
 + Level 6.4 Conjurations
 + Level 6.4 Hexes
 + Level 9.7 Summonings
 + Level 6.4 Necromancy
 + Level 6.4 Translocations
 + Level 6.4 Transmutations
 + Level 6.4 Fire Magic
 + Level 6.4 Ice Magic
 + Level 6.4 Air Magic
 + Level 6.4 Earth Magic
 + Level 6.4 Poison Magic
 + Level 8.5 Invocations
 + Level 7.8 Evocations


You had 12 spell levels left.
You knew the following spells:

 Your Spells              Type           Power      Damage    Failure   Level
a - Summon Small Mammal   Summ           100%       N/A       1%          1
b - Call Imp              Summ           57%        N/A       1%          2
c - Call Canine Familiar  Summ           57%        N/A       1%          3
d - Summon Guardian Gole  Hex/Summ       51%        N/A       1%          3
e - Scorch                Fire           88%        2d9       1%          2
f - Summon Lightning Spi  Summ/Air       51%        N/A       2%          4
g - Poisonous Vapours     Pois/Air       100%       N/A       1%          2

Your spell library contained the following spells:

 Spells                   Type           Power      Damage    Failure   Level
 Magic Dart               Conj           100%       1d8       1%          1
 Sandblast                Erth           88%        2d18      1%          1
 Passwall                 Tmut/Erth      36%        N/A       1%          2
 Gell's Gravitas          Tloc           44%        N/A       1%          3
 Lesser Beckoning         Tloc           44%        N/A       1%          3
 Mephitic Cloud           Conj/Pois/Air  60%        N/A       1%          3
 Stone Arrow              Conj/Erth      88%        3d12      1%          3
 Teleport Other           Tloc           44%        N/A       1%          3
 Airstrike                Air            22%        N/A       4%          4
 Corpse Rot               Necr/Pois/Air  60%        N/A       4%          4
 Dispel Undead            Necr           44%        3d17      4%          4
 Flame Wave               Conj/Fire      44%        2d10      4%          4
 Summon Forest            Summ/Tloc      25%        N/A       7%          5
 Lightning Bolt           Conj/Air       22%        1d37      14%         5
 Summon Cactus Giant      Summ           28%        N/A       21%         6
 Death Channel            Necr           22%        N/A       58%         6
 Dragon's Call            Summ           28%        N/A       100%        9


Dungeon Overview and Level Annotations

Branches:
Dungeon (11/15)            Temple (1/1) D:4            Lair (4/6) D:8
 Shoals (0/4) Lair:4        Snake (0/4) Lair:2        Sewer (visited)
Gauntlet (1/1)
    Orc: D:9-12

Altars:
Ashenzari
Cheibriados
Dithmenos
Elyvilon
Fedhas
Gozag
Hepliaklqana
Kikubaaqudgha
Makhleb
Nemelex Xobeh
Okawaru
Qazlal
Ru
Sif Muna
Trog
Uskayaw
Vehumet
Wu Jian
Xom
Yredelemnul
Zin
The Shining One

Shops:
D:9 !

Annotations:
Gauntlet 10 transporters


Innate Abilities, Weirdness & Mutations

You have very sharp teeth.
Your uncanny sense of smell can sniff out nearby items.
Your experience applies equally to all skills.
You have a pair of small antennae on your head.
You have a somewhat thin skeletal structure. (Dex +2, Stealth+)


Message History

Anything else - Cancel.
Gang up on whom?
Press: ? - help, Dir - move target, f/p - minotaur
Aim: a minotaur, wielding a +2 dire flail of protection, wearing a +3 ring mail of fire resistance, wearing a ring of willpower and quivering silver javelins (severely wounded, very poisoned) Attack!
p - a wand of quicksilver (10) (gained 3 charges)
There is an open door here.
What are your orders? t - Bark!
Orders for allies: a - Attack new target. p - Attack previous target. r - Retreat! s - Stop attacking. g - Guard the area. f - Follow me.
Anything else - Cancel.
Gang up on whom?
Press: ? - help, Dir - move target, f/p - minotaur
Aim: a minotaur, wielding a +2 dire flail of protection, wearing a +3 ring mail of fire resistance, wearing a ring of willpower and quivering silver javelins (severely wounded, poisoned) Attack!
The minotaur hits your guardian golem with a +2 dire flail of protection!
The minotaur gores your guardian golem but does no damage.
The minotaur hits your guardian golem with a +2 dire flail of protection!!
The minotaur gores your guardian golem!
Your guardian golem overheats!
There is a fountain of sparkling water here.
You open the door.
The minotaur hits your guardian golem with a +2 dire flail of protection!
Flame seeps out of your guardian golem.
The minotaur gores your guardian golem but does no damage.
Your guardian golem is engulfed in blazing flames.
Your guardian golem disappears in a puff of smoke!
Your guardian golem explodes!
The fiery explosion engulfs the minotaur!
The minotaur resists.
Found a chain mail.
There is a fountain of sparkling water here.
You open the door.
The minotaur is engulfed in blazing flames.
The minotaur throws a silver javelin.
The silver javelin pierces through you!!
You die...
Your body disappears without a glow.

### #[# ##'###
#.⌠..###
###...@'[#
#.'⌠...###
###..∩.# ##§###
#######H#######
#....9§§§.....#
#.###.###.###.#
#.............#
###.###.###.###


You could see a minotaur (poisoned).

Vanquished Creatures
  A catoblepas (Lair:1)
  A death yak (Lair:1)
  Nergalle (Lair:2)
  An obsidian statue (Gauntlet)
  A necromancer (Gauntlet)
  An ugly thing (D:11)
  A cyclops (D:11)
  A gargoyle (D:7)
  A blink frog (Lair:1)
  A hornet (D:11)
  A wyvern (D:8)
  11 yaks
  A wraith (D:9)
  2 vampire mosquitoes (D:10)
  2 steam dragons (D:8)
  A swamp worm (Gauntlet)
  A naga (Lair:2)
  A water moccasin (Sewer)
  2 black bears (D:7)
  2 wolves
  A centaur (D:5)
  2 necrophages
  4 bullfrogs
  2 scorpions
  A wight (D:9)
  6 killer bees
  Dowan (D:7)
  A howler monkey (D:5)
  2 hounds
  Crazy Yiuf (D:7)
  An orc wizard (D:6)
  4 gnolls
  4 adders
  A river rat (D:6)
  A white imp (D:6)
  An ufetubus (D:5)
  10 orcs
  A giant cockroach (D:3)
  4 goblins
  2 hobgoblins
  3 jackals (D:5)
  2 quokkas (D:4)
  2 ball pythons (D:4)
  5 bats
  3 kobolds (D:4)
  2 rats
101 creatures vanquished.

Vanquished Creatures (collateral kills)
  A hydra (Lair:1)
  A centaur warrior (D:9)
  A death yak (Lair:1)
  Pikel (D:9)
  An elephant (Lair:1)
  A black mamba (Lair:1)
  3 cane toads
  A yaktaur (Lair:1)
  2 komodo dragons (Lair:1)
  A troll (D:9)
  A queen bee (D:11)
  2 blink frogs (Lair:1)
  Prince Ribbit (D:9)
  10 yaks
  A vampire (D:11)
  A wraith (D:11)
  A steam dragon (D:10)
  2 vampire mosquitoes (D:8)
  A basilisk (Lair:2)
  2 swamp worms (Gauntlet)
  6 water moccasins
  2 acid dragons (D:9)
  3 nagas
  Duvessa (D:7)
  An ice beast (D:8)
  4 orc warriors
  3 wolves (Gauntlet)
  4 centaurs
  2 lemures (D:9)
  4 bullfrogs
  2 scorpions
  A gnoll sergeant (D:9)
  A necrophage (D:7)
  7 wights (D:9)
  21 killer bees
  3 howler monkeys (D:9)
  4 hounds
  A jelly (D:5)
  7 orc priests
  A gnoll shaman (D:6)
  2 iguanas
  Terence (D:3)
  9 orc wizards
  Robin (D:2)
  10 gnolls
  8 adders
  A white imp (D:7)
  A dart slug (D:2)
  30 orcs
  10 endoplasms
  2 giant cockroaches (D:1)
  11 goblins
  9 hobgoblins
  2 quokkas (D:3)
  3 ball pythons
  6 bats
  2 frilled lizards
  12 kobolds
  2 rats
235 creatures vanquished.

Vanquished Creatures (others)
  A hydra (D:8)
  An orc warrior (D:6)
  A quokka (D:6)
  27 fungi
  47 plants
77 creatures vanquished.

Grand Total: 413 creatures vanquished

Notes
Turn   | Place    | Note
-------+----------+-------------------------------------------
     0 | D:1      | greenreed the Gnoll Summoner began the quest for the Orb.
     0 | D:1      | Reached XP level 1. HP: 13/13 MP: 6/6
    48 | D:1      | Found a faded altar of an unknown god.
   248 | D:1      | Reached XP level 2. HP: 19/19 MP: 4/7
   360 | D:1      | Learned a level 2 spell: Call Imp
   822 | D:2      | Reached skill level 5 in Spellcasting
   822 | D:2      | Reached XP level 3. HP: 23/25 MP: 4/9
   978 | D:2      | Reached skill level 1 in Invocations
  1078 | D:2      | Reached skill level 1 in Fighting
  1078 | D:2      | Reached skill level 1 in Short Blades
  1078 | D:2      | Reached skill level 1 in Long Blades
  1078 | D:2      | Reached skill level 1 in Axes
  1078 | D:2      | Reached skill level 1 in Maces & Flails
  1078 | D:2      | Reached skill level 1 in Polearms
  1078 | D:2      | Reached skill level 1 in Staves
  1078 | D:2      | Reached skill level 1 in Slings
  1078 | D:2      | Reached skill level 1 in Bows
  1078 | D:2      | Reached skill level 1 in Crossbows
  1078 | D:2      | Reached skill level 1 in Throwing
  1078 | D:2      | Reached skill level 1 in Armour
  1078 | D:2      | Reached skill level 1 in Shields
  1078 | D:2      | Reached skill level 1 in Unarmed Combat
  1078 | D:2      | Reached skill level 1 in Evocations
  1147 | D:2      | Learned a level 3 spell: Call Canine Familiar
  1180 | D:2      | Reached XP level 4. HP: 25/32 MP: 7/11
  1342 | D:2      | Noticed Robin
  1357 | D:2      | Killed Robin
  1479 | D:2      | Reached skill level 1 in Conjurations
  1479 | D:2      | Reached skill level 1 in Hexes
  1479 | D:2      | Reached skill level 1 in Necromancy
  1479 | D:2      | Reached skill level 1 in Translocations
  1479 | D:2      | Reached skill level 1 in Transmutations
  1479 | D:2      | Reached skill level 1 in Fire Magic
  1479 | D:2      | Reached skill level 1 in Ice Magic
  1479 | D:2      | Reached skill level 1 in Air Magic
  1479 | D:2      | Reached skill level 1 in Earth Magic
  1479 | D:2      | Reached skill level 1 in Poison Magic
  1663 | D:2      | Learned a level 3 spell: Summon Guardian Golem
  1769 | D:3      | Reached XP level 5. HP: 37/37 MP: 8/12
  1812 | D:3      | Noticed Terence
  1821 | D:3      | Killed Terence
  2116 | D:3      | Reached XP level 6. HP: 44/44 MP: 9/13
  2668 | D:4      | Reached skill level 5 in Dodging
  2794 | D:4      | Found a staircase to the Ecumenical Temple.
  2798 | Temple   | Entered the Ecumenical Temple
  2982 | Temple   | Became a worshipper of Nemelex Xobeh the Trickster
  3163 | D:4      | Reached XP level 7. HP: 50/50 MP: 15/15
  3951 | D:4      | Found a bloodstained altar of Trog.
  4017 | D:5      | Entered Level 5 of the Dungeon
  4249 | D:5      | Reached skill level 5 in Stealth
  4422 | D:5      | Reached * piety under Nemelex Xobeh
  4547 | D:5      | Received a gift from Nemelex Xobeh
  4644 | D:5      | Reached XP level 8. HP: 57/57 MP: 12/16
  4843 | D:5      | Found a glowing silver altar of Zin.
  5088 | D:6      | Found a glowing drain.
  5110 | Sewer    | Entered a sewer
  5330 | D:6      | Found a blossoming altar of Fedhas.
  5622 | D:6      | Found a hide-covered altar of Uskayaw.
  5641 | D:6      | Learned a level 2 spell: Scorch
  5946 | D:6      | Found a glowing golden altar of the Shining One.
  6183 | D:6      | Found a white marble altar of Elyvilon.
  6594 | D:7      | Reached XP level 9. HP: 65/65 MP: 11/18
  6649 | D:7      | Reached ** piety under Nemelex Xobeh
  6839 | D:7      | Found a hazy altar of Hepliaklqana.
  6842 | D:7      | Found a faded altar of an unknown god.
  6842 | D:7      | Noticed a gargoyle
  6860 | D:7      | Killed a gargoyle
  7360 | D:7      | Noticed Dowan
  7369 | D:7      | Noticed Duvessa
  7381 | D:7      | Killed Duvessa
  7388 | D:7      | Killed Dowan
  7496 | D:7      | Gained mutation: Armour fits poorly on your strangely
                  | shaped body. [potion of mutation]
  7496 | D:7      | Gained mutation: Your flesh is cold resistant. (rC+)
                  | [potion of mutation]
  7497 | D:7      | Lost mutation: Your flesh is cold resistant. (rC+) [potion
                  | of mutation]
  7497 | D:7      | Lost mutation: Armour fits poorly on your strangely shaped
                  | body. [potion of mutation]
  7497 | D:7      | Gained mutation: You sometimes lose the ability to read
                  | scrolls when taking damage. [potion of mutation]
  7497 | D:7      | Gained mutation: You have a pair of small horns on your
                  | head. [potion of mutation]
  7497 | D:7      | Gained mutation: Your magical capacity is low. (-10% MP)
                  | [potion of mutation]
  7498 | D:7      | Lost mutation: You sometimes lose the ability to read
                  | scrolls when taking damage. [potion of mutation]
  7498 | D:7      | Lost mutation: Your magical capacity is low. (-10% MP)
                  | [potion of mutation]
  7498 | D:7      | Lost mutation: You have a pair of small horns on your head.
                  | [potion of mutation]
  7498 | D:7      | Gained mutation: You have hidden genetic potential. [potion
                  | of mutation]
  7498 | D:7      | Gained mutation: Your spells are a little easier to cast,
                  | but a little less powerful. [potion of mutation]
  7498 | D:7      | Gained mutation: Armour fits poorly on your strangely
                  | shaped body. [potion of mutation]
  7526 | D:7      | Found a burning altar of Makhleb.
  7785 | D:7      | Found a runed translucent door.
  7786 | D:7      | Noticed Crazy Yiuf
  7797 | D:7      | Received a gift from Nemelex Xobeh
  7814 | D:7      | Killed Crazy Yiuf
  7960 | D:7      | HP: 1/66 [vampire (6)]
  8151 | D:8      | Reached skill level 5 in Invocations
  8159 | D:8      | Learned a level 4 spell: Summon Lightning Spire
  8343 | D:8      | Learned a level 2 spell: Poisonous Vapours
  8578 | D:8      | Received a gift from Nemelex Xobeh
  8585 | D:8      | Found a staircase to the Lair.
  8595 | D:8      | Reached XP level 10. HP: 73/73 MP: 11/20
  8694 | D:8      | Noticed a four-headed hydra
  8706 | D:8      | Killed a four-headed hydra
  8707 | D:8      | Reached skill level 5 in Fighting
  8707 | D:8      | Reached skill level 5 in Short Blades
  8707 | D:8      | Reached skill level 5 in Long Blades
  8707 | D:8      | Reached skill level 5 in Axes
  8707 | D:8      | Reached skill level 5 in Maces & Flails
  8707 | D:8      | Reached skill level 5 in Polearms
  8707 | D:8      | Reached skill level 5 in Staves
  8707 | D:8      | Reached skill level 5 in Slings
  8707 | D:8      | Reached skill level 5 in Bows
  8707 | D:8      | Reached skill level 5 in Crossbows
  8707 | D:8      | Reached skill level 5 in Throwing
  8707 | D:8      | Reached skill level 5 in Armour
  8707 | D:8      | Reached skill level 5 in Shields
  8707 | D:8      | Reached skill level 5 in Unarmed Combat
  8707 | D:8      | Reached skill level 5 in Evocations
  8955 | D:8      | Found a shimmering blue altar of Sif Muna.
  8957 | D:8      | Reached *** piety under Nemelex Xobeh
  9177 | Lair:1   | Entered Level 1 of the Lair of Beasts
  9199 | Lair:1   | Noticed a death yak
  9200 | Lair:1   | Noticed a death yak
  9333 | D:8      | Gained mutation: You are strong-willed. (Will+) [hidden
                  | potential]
 10250 | D:9      | Found Ton Uto's Distillery.
 10255 | D:9      | Bought a potion of degeneration for 11 gold pieces
 10255 | D:9      | Bought a potion of lignification for 33 gold pieces
 10255 | D:9      | Bought a potion of flight for 33 gold pieces
 10331 | D:9      | Received a gift from Nemelex Xobeh
 10402 | D:9      | Noticed Pikel
 10413 | D:9      | Killed Pikel
 10424 | D:9      | Noticed Prince Ribbit
 10425 | D:9      | Found a sacrificial altar of Ru.
 10439 | D:9      | Killed Prince Ribbit
 10700 | D:9      | Noticed a centaur warrior
 10715 | D:9      | Killed a centaur warrior
 10716 | D:9      | Reached XP level 11. HP: 23/81 MP: 8/22
 11219 | D:10     | Entered Level 10 of the Dungeon
 11231 | D:9      | Reached skill level 5 in Conjurations
 11231 | D:9      | Reached skill level 5 in Hexes
 11231 | D:9      | Reached skill level 5 in Necromancy
 11231 | D:9      | Reached skill level 5 in Translocations
 11231 | D:9      | Reached skill level 5 in Transmutations
 11231 | D:9      | Reached skill level 5 in Fire Magic
 11231 | D:9      | Reached skill level 5 in Ice Magic
 11231 | D:9      | Reached skill level 5 in Air Magic
 11231 | D:9      | Reached skill level 5 in Earth Magic
 11231 | D:9      | Reached skill level 5 in Poison Magic
 11253 | D:9      | Lost mutation: Your spells are a little easier to cast, but
                  | a little less powerful. [hidden potential]
 11253 | D:9      | Lost mutation: You have hidden genetic potential. [hidden
                  | potential expressed]
 11255 | D:9      | Lost mutation: Armour fits poorly on your strangely shaped
                  | body. [potion of mutation]
 11255 | D:9      | Lost mutation: You are strong-willed. (Will+) [potion of
                  | mutation]
 11255 | D:9      | Gained mutation: Your magical capacity is low. (-10% MP)
                  | [potion of mutation]
 11255 | D:9      | Gained mutation: A frigid envelope surrounds you and
                  | freezes all who hurt you. [potion of mutation]
 11256 | D:9      | Lost mutation: Your magical capacity is low. (-10% MP)
                  | [potion of mutation]
 11256 | D:9      | Lost mutation: A frigid envelope surrounds you and freezes
                  | all who hurt you. [potion of mutation]
 11256 | D:9      | Gained mutation: You are clumsy. (Dex -2) [potion of
                  | mutation]
 11256 | D:9      | Gained mutation: You have a somewhat thin skeletal
                  | structure. (Dex +2, Stealth+) [potion of mutation]
 11256 | D:9      | Gained mutation: You tend to lose your temper in combat.
                  | [potion of mutation]
 11256 | D:9      | Gained mutation: You are partially covered in large bone
                  | plates. (SH +4) [potion of mutation]
 11257 | D:9      | Lost mutation: You tend to lose your temper in combat.
                  | [potion of mutation]
 11257 | D:9      | Lost mutation: You are partially covered in large bone
                  | plates. (SH +4) [potion of mutation]
 11257 | D:9      | Lost mutation: You are clumsy. (Dex -2) [potion of
                  | mutation]
 11257 | D:9      | Gained mutation: You have a pair of small antennae on your
                  | head. [potion of mutation]
 11443 | D:9      | HP: 1/81 [troll (5)]
 12152 | D:10     | Received a gift from Nemelex Xobeh
 12545 | D:10     | Reached **** piety under Nemelex Xobeh
 12834 | D:11     | Received a gift from Nemelex Xobeh
 12845 | D:11     | Noticed a cyclops
 12848 | D:11     | Killed a cyclops
 13534 | D:11     | Received a gift from Nemelex Xobeh
 13591 | D:11     | Noticed a white ugly thing
 13598 | D:11     | Killed a white ugly thing
 14141 | Lair:1   | Noticed a death yak
 14145 | Lair:1   | Killed a death yak
 14146 | Lair:1   | Reached XP level 12. HP: 36/89 MP: 15/24
 14147 | Lair:1   | a death yak changed into a tyrant leech
 14147 | Lair:1   | a death yak changed into something unseen
 14168 | Lair:1   | Noticed a catoblepas
 14269 | Lair:1   | Killed a catoblepas
 14275 | Lair:1   | Noticed a death yak
 14291 | Lair:1   | Killed a death yak
 14727 | Lair:1   | Noticed an eight-headed hydra
 14740 | Lair:1   | Received a gift from Nemelex Xobeh
 14743 | Lair:1   | Killed an eight-headed hydra
 15595 | Lair:2   | Noticed Nergalle
 15612 | Lair:2   | Killed Nergalle
 15755 | Lair:2   | Found a staircase to the Snake Pit.
 15782 | Lair:2   | Got the Papyrus of Creation
 15789 | Lair:2   | Reached ***** piety under Nemelex Xobeh
 15802 | Lair:2   | Found a gate leading to a gauntlet.
 15808 | Lair:2   | You fall into a shaft and drop 2 floors!
 15818 | Lair:4   | Found a staircase to the Shoals.
 15859 | Lair:4   | Noticed a death yak
 15859 | Lair:4   | Noticed a death yak
 16015 | Lair:2   | Received a gift from Nemelex Xobeh
 16045 | Gauntlet | Entered a Gauntlet
 16045 | Gauntlet | Found a transporter.
 16045 | Gauntlet | Found a transporter.
 16050 | Gauntlet | Found a transporter.
 16065 | Gauntlet | Found a transporter.
 16086 | Gauntlet | Found a transporter.
 16095 | Gauntlet | Found a transporter.
 16100 | Gauntlet | Noticed a green death
 16111 | Gauntlet | Found a transporter.
 16177 | Gauntlet | Found a transporter.
 16192 | Gauntlet | Found a transporter.
 16201 | Gauntlet | Noticed a tengu warrior
 16206 | Gauntlet | Found a transporter.
 16219 | Gauntlet | Found a transporter.
 16238 | Gauntlet | Found a transporter.
 16451 | Gauntlet | Found a transporter.
 16461 | Gauntlet | Found a transporter.
 16484 | Gauntlet | Received a gift from Nemelex Xobeh
 16491 | Gauntlet | Found a transporter.
 16501 | Gauntlet | Found a transporter.
 16778 | Gauntlet | Noticed a sun demon
 16778 | Gauntlet | Noticed a soul eater
 16784 | Gauntlet | Noticed a sun demon
 16784 | Gauntlet | a soul eater changed into a sun demon
 16784 | Gauntlet | a sun demon changed into a sixfirhy
 16939 | Gauntlet | Noticed a minotaur
 16991 | Gauntlet | Hit by a silver javelin thrown by a minotaur

Illustrated notes

Levels and vault maps discovered:
D:1:      dpeg_arrival_pond, layout_rooms, ebering_ecumenical_altar_webs
D:2:      layout_loops_ring, uniq_robin
D:3:      minmay_chambers_of_twos, layout_rooms, serial_rivers,
          chequers_serial_rivers_micro_c, chequers_serial_rivers_large_a,
          chequers_serial_rivers_small_b, chequers_serial_rivers_marsh,
          chequers_serial_rivers_micro_a, kennysheep_nub,
          guppyfry_early_orc_mine, uniq_terence
D:4:      corexii_shack_village, layout_loops_corners, trog_butcher_becter,
          minmay_temple_entry_steel_oval, minmay_misc_feat_ornament,
          hangedman_abyss_or_decor_lesser_grid
D:5:      layout_loops_corners, kennysheep_mini
D:6:      layout_loops_ring, overflow_temple_1_default, fedhas_ov_isle_minmay,
          elyvilon_altar_4, eat_drink_and_be_merry_uskayaw,
          portal_sewer_entry_a, minmay_misc_feat_enclosed, hex_large,
          grunt_decor_one_mirror, kennysheep_minor_cross,
          hangedman_decor_opposing
D:7:      layout_cave_pools, bloody_makhleb,
          beargit_hepliaklqana_dungeon_heroes, grunt_decor_cap, uniq_duvessa,
          uniq_crazy_yiuf_cottage
D:8:      layout_loops_ring, nicolae_sif_muna_little_library,
          grunt_lair_entry_orc_guard_hut, serial_glass, glass_columns_c,
          glass_columns_a
D:9:      layout_small_grid, nicolae_ru_awakened_eye, serial_shops,
          kennysheep_little_box, uniq_pikel, uniq_prince_ribbit1
D:10:     layout_gridville, amcnicky_mini_pool_medium
D:11:     layout_basic, hangedman_abyss_or_decor_passed, minivault_7
Temple:   minmay_temple_bridge_abc
Lair:1:   layout_cave_pods, lightli_volcano_entry_magma_tube,
          columned_hall_lemuel, nicolae_lair_grazing_beasts
          [nicolae_sub_lair_graze_edge, nicolae_sub_lair_graze_edge,
          nicolae_sub_lair_graze_edge, nicolae_sub_lair_graze_edge]
Lair:2:   layout_chaotic_city, minmay_snake_entry_guardpost_small,
          gauntlet_entry_generic, lemuel_fruit_tree, grunt_megastairs_1,
          uniq_nergalle, uniq_fannar
Lair:3:   layout_cave_pods
Lair:4:   layout_regular_city, minmay_shoals_entry_beasts
Gauntlet: gammafunk_gauntlet_branching [gammafunk_gauntlet_arena_split_diamond,
          nicolae_gauntlet_arena_x, gammafunk_gauntlet_arena_hedges,
          nicolae_gauntlet_arena_blocks, gammafunk_gauntlet_arena_corners,
          gammafunk_gauntlet_arena_chambers, gammafunk_gauntlet_arena_grid,
          gammafunk_gauntlet_arena_crates, gauntlet_exit_hidden_loot]

Skill      XL: |  1  2  3  4  5  6  7  8  9 10 11 12 |
---------------+-------------------------------------+-----
Spellcasting   | 5 6 7 8 9 |  9.3
Invocations    | 1 2 3 4 5 6 7 8 |  8.5
Fighting       | 1 2 3 4 5 6 7 |  7.8
Short Blades   | 1 2 3 4 5 6 7 |  7.8
Long Blades    | 1 2 3 4 5 6 7 |  7.8
Axes           | 1 2 3 4 5 6 7 |  7.8
Maces & Flails | 1 2 3 4 5 6 7 |  7.8
Polearms       | 1 2 3 4 5 6 7 |  7.8
Staves         | 1 2 3 4 5 6 7 |  7.8
Slings         | 1 2 3 4 5 6 7 |  7.8
Bows           | 1 2 3 4 5 6 7 |  7.8
Crossbows      | 1 2 3 4 5 6 7 |  7.8
Throwing       | 1 2 3 4 5 6 7 |  7.8
Armour         | 1 2 3 4 5 6 7 |  7.8
Shields        | 1 2 3 4 5 6 7 |  7.8
Unarmed Combat | 1 2 3 4 5 6 7 |  7.8
Evocations     | 1 2 3 4 5 6 7 |  7.8
Conjurations   | 1 2 3 4 5 6 |  6.4
Hexes          | 1 2 3 4 5 6 |  6.4
Necromancy     | 1 2 3 4 5 6 |  6.4
Translocations | 1 2 3 4 5 6 |  6.4
Transmutations | 1 2 3 4 5 6 |  6.4
Fire Magic     | 1 2 3 4 5 6 |  6.4
Ice Magic      | 1 2 3 4 5 6 |  6.4
Air Magic      | 1 2 3 4 5 6 |  6.4
Earth Magic    | 1 2 3 4 5 6 |  6.4
Poison Magic   | 1 2 3 4 5 6 |  6.4
Dodging        | 5 6 7 8 9 |  9.1
Stealth        | 5 6 7 8 |  8.9
Summonings     | 8 9 |  9.7

Action                   |  1- 3 |  4- 6 |  7- 9 | 10-12 || total
-------------------------+-------+-------+-------+-------++-------
Melee: Unarmed           |     2 |       |       |       ||     2
       Spear             |     3 |    35 |   187 |   240 ||   465
       Bite              |       |     2 |    11 |    35 ||    48
       Punch             |       |       |     4 |    12 ||    16
 Cast: Summon Small Mamm |    37 |     1 |       |     2 ||    40
       Call Imp          |     8 |     8 |    22 |     4 ||    42
       Call Canine Famil |     1 |    10 |    41 |    32 ||    84
       Scorch            |       |       |    30 |    21 ||    51
       Summon Guardian G |       |       |     2 |     7 ||     9
       Summon Lightning  |       |       |     5 |    71 ||    76
       Poisonous Vapours |       |       |     4 |     6 ||    10
Invok: Draw Destruction  |       |       |       |    13 ||    13
       Deal Four         |       |       |       |     3 ||     3
       Draw Summoning    |       |       |       |     1 ||     1
 Abil: Evoke Invisibilit |       |       |       |     1 ||     1
  Use: Scroll            |       |       |     8 |    10 ||    18
       Potion            |       |       |     4 |     9 ||    13
 Stab: Sleeping          |       |       |    11 |       ||    11
       Distracted        |       |       |       |     6 ||     6
Armor: Robe              |     8 |     8 |    47 |    47 ||   110
       Troll leather arm |       |       |       |    66 ||    66
Dodge: Dodged            |    23 |    11 |   129 |   325 ||   488

Table legend: (Time is in decaauts)
 A = Elapsed time spent in this place.
 B = Non-inter-level travel time spent in this place.
 C = Inter-level travel time spent in this place.
 D = Time resting spent in this place.
 E = Time spent auto-exploring this place.
 F = Levels seen in this place.
 G = Mean time per level.
                   A        B        C        D        E       F      G
               +--------+--------+--------+--------+--------+-----+--------+
         Total |  16946 |  16128 |    818 |   1523 |  10874 |  18 |  941.4 |
       Dungeon |  13818 |  13164 |    654 |   1220 |   9449 |  11 | 1256.2 |
        Temple |    204 |    182 |     22 |      0 |    167 |   1 |  204.0 |
          Lair |   1856 |   1714 |    142 |    199 |    876 |   4 |  464.0 |
         Sewer |    141 |    141 |      0 |      0 |    100 |   1 |  141.0 |
      Gauntlet |    925 |    925 |      0 |    104 |    282 |   1 |  925.0 |
               +--------+--------+--------+--------+--------+-----+--------+

Top non-repeatable levels by time:
     D:9: 1884 daAuts
     D:8: 1852 daAuts
  Lair:1: 1534 daAuts
     D:7: 1492 daAuts
    D:11: 1362 daAuts
     D:6: 1351 daAuts
     D:4: 1159 daAuts
     D:2: 1121 daAuts
     D:5: 1064 daAuts
    D:10: 988 daAuts
     D:3: 963 daAuts
Gauntlet: 925 daAuts
     D:1: 578 daAuts
  Temple: 204 daAuts
  Lair:4: 158 daAuts
